 Dungeon Crawl Stone Soup version 0.18.1-48-g4cf74bf (webtiles) character file.

506 OTRawrior the Digger (level 7, -3/36 HPs)
             Began as a Gargoyle Earth Elementalist on Aug 14, 2016.
             Slain by an iguana (9 damage)
             ... on level 4 of the Dungeon.
             The game lasted 00:09:02 (3311 turns).

OTRawrior the Digger (Gargoyle Earth Elementalist)  Turns: 3311, Time: 00:09:03

Health: -3/36      AC:  7    Str: 11    XL:     7   Next: 18%
Magic:  4/14       EV: 12    Int: 18    God:
Gold:   151        SH:  0    Dex: 10    Spells: 3 memorised, 7 levels left

rFire  . . .     SeeInvis .     b - 74 stones
rCold  . . .     Gourm    .     a - +0 robe
rNeg   + . .     Faith    .     (no shield)
rPois  ∞         Spirit   .     (no helmet)
rElec  +         Dismiss  .     p - +0 cloak
rCorr  .         Reflect  .     (no gloves)
SustAt .         Harm     .     (no boots)
MR     .....                    (no amulet)
Stlth  ++........               (no ring)
                                (no ring)

@: not resistant to hostile enchantments, unstealthy
A: negative energy resistance 1, electricity resistance, unbreathing,
petrification resistance, rot immunity, AC +4
a: no special abilities


You were on level 4 of the Dungeon.
You were not hungry.

You visited 1 branch of the dungeon, and saw 4 of its levels.

You collected 151 gold pieces.

Inventory:

Hand Weapons
 o - a +0 mace
Missiles
 b - 74 stones (in hand)
Armour
 a - a +0 robe (worn)
 p - a +0 cloak (worn)
Wands
 k - a wand of digging (10/24)
Scrolls
 e - 2 scrolls of amnesia {unknown}
 h - a scroll of remove curse
 m - 5 scrolls of identify
 q - a scroll of enchant armour {unknown}
 s - a scroll of immolation {unknown}
Potions
 f - a potion of flight {unknown}
 g - a potion of magic
 i - a potion of heal wounds {unknown}
 l - a potion of might {unknown}
 n - a potion of brilliance {unknown}
Books
 c - a book of Geomancy

   Spells                             Type                      Level
   a - Sandblast                      Earth                        1
   b - Passwall                       Transmutation/Earth          2
   c - Stone Arrow                    Conjuration/Earth            3
   d - Petrify                        Transmutation/Earth          4
   e - Lee's Rapid Deconstruction     Earth                        5
Comestibles
 d - 3 bread rations
 j - 2 meat rations
 r - a chunk of flesh


   Skills:
 - Level 1.5 Dodging
 - Level 2.1 Stealth
 * Level 5.2 Spellcasting
 + Level 3.2 Conjurations
   Level 0.7 Transmutations
 + Level 5.9 Earth Magic


You had 7 spell levels left.
You knew the following spells:

 Your Spells              Type           Power        Failure   Level  Hunger
a - Sandblast             Erth           ####..       1%          1    None
b - Stone Arrow           Conj/Erth      ###...       10%         3    ##.....
c - Lee's Rapid Deconstr  Erth           ####......   34%         5    ######.


Dungeon Overview and Level Annotations

Branches:
Dungeon (4/15)
 Temple: D:4-7

Altars:
Okawaru
Trog
Yredelemnul
The Shining One


Innate Abilities, Weirdness & Mutations

You are resistant to torment.
Your stone body is resilient (AC +4).
You are immune to poison.
You resist negative energy.
You are resistant to electric shocks.
You can survive without breathing.
You are immune to petrification.
You are immune to rotting.


Message History

The rocky blast hits the iguana.
The iguana is heavily wounded.
The iguana barely misses you.
Casting: Sandblast
Confirm with . or Enter, or press ? or * to list all spells.
Aiming: Sandblast
Press: ? - help, Shift-Dir - straight line, f/p - iguana
Aim: an iguana (heavily wounded)
The rocky blast hits the iguana.
The iguana is heavily wounded.
The iguana bites you but does no damage.
Casting: Sandblast
Confirm with . or Enter, or press ? or * to list all spells.
Aiming: Sandblast
Press: ? - help, Shift-Dir - straight line, f/p - iguana
Aim: an iguana (heavily wounded)
The rocky blast hits the iguana.
The iguana is heavily wounded.
The iguana bites you!
You die...

#####........
#.....######.
#.###.....#
#.# #.#
#.###.# #.#
#)# #.# #.#
#.# #.# #.#
#.# #.# # #.#
#.# #.# .#
########.# #.#
#@# S.#
..<....#)###.#
#l# (..#
.#####.......#
#S###....#. .#
###.#####
#.Z..S.....
.#######.#
###........
..)......#
#.!...$..
#######..#
####...## #..#
...# ...# ..#


You could see an iguana, an adder and a jackal skeleton (wandering).

Vanquished Creatures
  Grinder (D:3)
  An ogre (D:4)
  The ghost of OTRawrior the Digger, an amateur GrEE (D:3)
  Crazy Yiuf (D:3)
  4 adders (D:2)
  An ooze (D:2)
  2 worms (D:2)
  2 dart slugs
  A giant gecko (D:2)
  3 orcs
  9 bats
  2 giant cockroaches (D:1)
  11 goblins
  7 hobgoblins
  6 jackals
  3 quokkas
  2 giant newts
  7 kobolds
  3 rats
67 creatures vanquished.

Vanquished Creatures (others)
  A jackal (D:3)
1 creature vanquished.

Grand Total: 68 creatures vanquished

Notes
Turn   | Place    | Note
--------------------------------------------------------------
     0 | D:1      | OTRawrior the Gargoyle Earth Elementalist began the quest for the Orb.
     0 | D:1      | Reached XP level 1. HP: 10/10 MP: 3/3
   200 | D:1      | Reached XP level 2. HP: 15/15 MP: 1/5
  1092 | D:1      | Reached XP level 3. HP: 19/19 MP: 2/7
  1162 | D:2      | Learned a level 3 spell: Stone Arrow
  1209 | D:2      | Found a faded altar to an unknown god.
  1283 | D:2      | Found a glowing golden altar of the Shining One.
  1452 | D:2      | Reached XP level 4. HP: 19/24 MP: 4/8
  1496 | D:2      | Found an iron altar of Okawaru.
  1500 | D:2      | Reached skill level 1 in Conjurations
  2078 | D:3      | Noticed OTRawrior's ghost (amateur GrEE)
  2095 | D:3      | Killed OTRawrior's ghost
  2095 | D:3      | Reached XP level 5. HP: 12/28 MP: 1/10
  2272 | D:3      | Noticed Grinder
  2278 | D:3      | Paralysed by Grinder for 3 turns
  2282 | D:3      | Killed Grinder
  2282 | D:3      | Reached skill level 5 in Earth Magic
  2282 | D:3      | Reached XP level 6. HP: 25/32 MP: 2/13
  2306 | D:3      | Learned a level 5 spell: Lee's Rapid Deconstruction
  2621 | D:3      | Found a bloodstained altar of Trog.
  2854 | D:3      | Noticed Crazy Yiuf
  2861 | D:3      | Killed Crazy Yiuf
  3014 | D:3      | Found a glowing golden altar of the Shining One.
  3016 | D:3      | Noticed an angel
  3027 | D:3      | Found a basalt altar of Yredelemnul.
  3190 | D:4      | Reached skill level 5 in Spellcasting
  3190 | D:4      | Reached XP level 7. HP: 36/36 MP: 4/14
  3311 | D:4      | Slain by an iguana

Skill      XL: |  1  2  3  4  5  6 |
---------------+-------------------+-----
Earth Magic    | 4 5 |  5.9
Spellcasting   | 3 4 5 |  5.2
Conjurations   | 1 2 3 |  3.2
Dodging        | |  1.5
Stealth        | |  2.1
Transmutations | |  0.7

Action                   |  1- 3 |  4- 6 |  7- 9 || total
-------------------------+-------+-------+-------++-------
Melee: Unarmed           |     1 |       |       ||     1
       Dagger            |    16 |       |       ||    16
       Mace              |       |    16 |       ||    16
 Cast: Sandblast         |    53 |    78 |    12 ||   143
       Stone Arrow       |       |     2 |     1 ||     3
  Use: Scroll            |       |       |     2 ||     2
  Eat: Chunk             |     2 |     5 |     1 ||     8
Armor: Robe              |    17 |    22 |     1 ||    40
Dodge: Dodged            |    40 |    35 |     3 ||    78
